[ AOE2 MATCH · #507383901 ]
UnrankedEthiopians vs Burmese
Player's team · LOSS
[ REPLAY ANALYSIS · EXTRACTED FROM THE RECORDED GAME ]
Feudal
12:39
Castle
17:22
Imperial
34:16
| APM avg | 36.1 |
| APM peak | 64 |
| eAPM avg | 17.8 |
| Villagers / military | 157 / 634 |
Focus
⚔️ 50.5% · 🌾 49.5%
Spearman ×527 · Archer ×86 · Battering Ram ×16 · Fishing Ship ×14 · Mangonel ×3 · Monk ×2
Feudal
11:46
Castle
15:25
Imperial
28:47
| APM avg | 32.3 |
| APM peak | 76 |
| eAPM avg | 18.3 |
| Villagers / military | 154 / 461 |
Focus
⚔️ 37.2% · 🌾 62.8%
Archer ×339 · Spearman ×90 · Trade Cart ×75 · Bombard Cannon ×18 · Cavalry Archer ×10 · Monk ×2
Feudal
11:37
Castle
27:23
Imperial
50:15
| APM avg | 30.5 |
| APM peak | 74 |
| eAPM avg | 19.5 |
| Villagers / military | 199 / 418 |
Focus
⚔️ 37.8% · 🌾 62.2%
Scout Cavalry ×400 · Trade Cart ×21 · Militia ×18
Feudal
11:40
Castle
15:42
Imperial
28:30
| APM avg | 41.4 |
| APM peak | 88 |
| eAPM avg | 22.6 |
| Villagers / military | 175 / 596 |
Focus
⚔️ 36.1% · 🌾 63.9%
Scout Cavalry ×514 · Hand Cannoneer ×42 · Bombard Cannon ×36 · Monk ×4
Feudal
12:31
Castle
19:21
Imperial
35:21
| APM avg | 36.5 |
| APM peak | 66 |
| eAPM avg | 26.4 |
| Villagers / military | 155 / 422 |
Focus
⚔️ 51.3% · 🌾 48.7%
Spearman ×249 · Monk ×49 · Battering Ram ×47 · Bombard Cannon ×37 · Mangonel ×19 · Fishing Ship ×14
Feudal
12:00
Castle
17:27
Imperial
42:38
| APM avg | 15.6 |
| APM peak | 62 |
| eAPM avg | 12.4 |
| Villagers / military | 145 / 137 |
Focus
⚔️ 21.7% · 🌾 78.3%
Scorpion ×135 · Trade Cart ×7 · Mangonel ×2
Feudal
13:31
Castle
33:17
Imperial
61:16
| APM avg | 60.9 |
| APM peak | 101 |
| eAPM avg | 40.6 |
| Villagers / military | 342 / 138 |
Focus
⚔️ 25.8% · 🌾 74.2%
Spearman ×89 · Monk ×37 · Trebuchet (Packed) ×7 · Longbowman ×5
Feudal
12:32
Castle
15:56
Imperial
31:22
| APM avg | 38.7 |
| APM peak | 105 |
| eAPM avg | 28.3 |
| Villagers / military | 208 / 602 |
Focus
⚔️ 21.8% · 🌾 78.2%
Scout Cavalry ×342 · War Elephant ×236 · Fishing Ship ×38 · Trade Cart ×16 · Knight ×15 · Mangonel ×4
Match map
Initial resources + every placement click. Lines = walls · curves = elevation contours. ◆ gold · ⬟ stone · ● berries · ✦ relic · ◌ wall gap
Your base· ✓ Closed at 17:22 · 0t walls · no gate
Niccals_'s base· ✓ Closed at 15:25 · 0t walls · no gate
CTM | chiwire's base· ✓ Closed at 27:23 · 41t walls · 2 gate(s)
CTM | SUNYQ's base· ✓ Closed at 15:42 · 17t walls · no gate
[Kpell] AdrianLeverkuhn's base· ✓ Closed at 19:21 · 40t walls · no gate
CTM | Franco*'s base· ✓ Closed at 17:27 · 45t walls · 1 gate(s)
Si me criticas te fedeo's base· ✓ Closed at 33:17 · 192t walls · 11 gate(s)
PSX | King's base· ✓ Closed at 15:56 · 21t walls · 1 gate(s)
Smoothed initial terrain · ◌ = detected wall gap · hover for details
Inputs per minute
— ijkabob - - Niccals_
Build order — ijkabob
First 150 of 575 actions detected
| 0:04 | Queue | Villager (Male) |
| 0:04 | Queue | Villager (Male) |
| 0:05 | Queue | Villager (Male) |
| 0:06 | Build | House |
| 0:08 | Build | House |
| 0:24 | Queue | Villager (Male) |
| 1:28 | Queue | Villager (Male) |
| 1:32 | Build | Lumber Camp |
| 2:11 | Queue | Villager (Male) |
| 2:27 | Queue | Villager (Male) |
| 3:07 | Research | Loom |
| 3:08 | Queue | Villager (Male) |
| 3:30 | Queue | Villager (Male) |
| 4:03 | Build | House |
| 4:14 | Queue | Villager (Male) |
| 4:14 | Queue | Villager (Male) |
| 4:27 | Queue | Villager (Male) |
| 4:39 | Build | Dock |
| 4:58 | Build | Dock |
| 5:11 | Queue | Villager (Male) |
| 5:43 | Build | House |
| 5:44 | Queue | Fishing Ship |
| 5:55 | Queue | Villager (Male) |
| 6:22 | Queue | Villager (Male) |
| 6:24 | Queue | Fishing Ship |
| 6:31 | Build | House |
| 6:38 | Queue | Fishing Ship |
| 6:59 | Queue | Villager (Male) |
| 7:26 | Queue | Villager (Male) |
| 7:33 | Queue | Fishing Ship |
| 7:46 | Queue | Villager (Male) |
| 7:53 | Queue | Villager (Male) |
| 7:54 | Queue | Fishing Ship |
| 8:13 | Queue | Fishing Ship |
| 8:35 | Queue | Villager (Male) |
| 8:36 | Queue | Fishing Ship |
| 8:40 | Queue | Fishing Ship |
| 9:13 | Queue | Villager (Male) |
| 9:14 | Queue | Fishing Ship |
| 9:16 | Queue | Villager (Male) |
| 9:35 | Build | House |
| 9:39 | Queue | Villager (Male) |
| 9:50 | Queue | Villager (Male) |
| 9:54 | Build | Mill |
| 10:07 | Queue | Villager (Male) |
| 10:10 | Research | Feudal Age |
| 11:03 | Queue | Fishing Ship |
| 11:14 | Build | Dock |
| 11:31 | Build | Mining Camp |
| 12:10 | Queue | Villager (Male) |
| 12:10 | Queue | Villager (Male) |
| 12:39 | Age | Feudal Age |
| 12:42 | Build | Blacksmith |
| 12:46 | Build | Market |
| 13:08 | Build | Fish Trap |
| 13:13 | Build | Fish Trap |
| 13:20 | Build | House |
| 13:28 | Queue | Villager (Male) |
| 13:50 | Build | Fish Trap |
| 14:00 | Build | House |
| 14:14 | Queue | Villager (Male) |
| 14:21 | Queue | Villager (Male) |
| 14:25 | Research | Castle Age |
| 14:54 | Build | Barracks |
| 14:55 | Queue | Villager (Male) |
| 15:02 | Queue | Villager (Male) |
| 15:38 | Build | Archery Range |
| 15:46 | Queue | Villager (Male) |
| 15:59 | Build | Fish Trap |
| 16:18 | Build | Fish Trap |
| 16:37 | Build | Fish Trap |
| 16:48 | Queue | Archer |
| 16:48 | Queue | Archer |
| 16:49 | Queue | Archer |
| 16:51 | Queue | Villager (Male) |
| 17:19 | Build | Fish Trap |
| 17:22 | Age | Castle Age |
| 17:45 | Research | Crossbowman (upgrade) |
| 17:47 | Research | Fletching |
| 17:51 | Build | Fish Trap |
| 18:01 | Queue | Archer |
| 18:06 | Build | Archery Range |
| 18:19 | Queue | Villager (Male) |
| 18:20 | Queue | Villager (Male) |
| 18:33 | Queue | Archer |
| 18:34 | Queue | Villager (Male) |
| 19:22 | Queue | Archer ×2 |
| 19:27 | Queue | Villager (Male) |
| 19:30 | Build | House |
| 19:41 | Queue | Villager (Male) |
| 19:53 | Build | Siege Workshop |
| 19:56 | Queue | Archer |
| 19:56 | Queue | Archer |
| 19:56 | Queue | Villager (Male) |
| 19:57 | Queue | Villager (Male) |
| 20:01 | Queue | Fishing Ship |
| 20:01 | Queue | Fishing Ship |
| 20:02 | Queue | Fishing Ship |
| 20:02 | Queue | Fishing Ship |
| 20:04 | Queue | Villager (Male) |
| 20:21 | Build | House |
| 20:22 | Build | House |
| 20:25 | Build | House |
| 20:39 | Research | Wheelbarrow |
| 20:43 | Queue | Villager (Male) |
| 20:59 | Queue | Villager (Male) |
| 21:02 | Build | University |
| 21:04 | Research | Bodkin Arrow |
| 21:15 | Queue | Villager (Male) |
| 21:15 | Queue | Villager (Male) |
| 21:23 | Build | Town Center |
| 21:27 | Build | Monastery |
| 21:35 | Build | Monastery |
| 21:39 | Queue | Archer |
| 21:39 | Queue | Archer |
| 21:50 | Queue | Villager (Male) |
| 22:24 | Build | Siege Workshop |
| 22:36 | Queue | Villager (Male) |
| 22:36 | Queue | Villager (Male) |
| 22:36 | Queue | Villager (Male) |
| 22:39 | Research | Double-Bit Axe |
| 22:42 | Queue | Monk |
| 22:49 | Build | House |
| 22:50 | Build | House |
| 22:50 | Build | House |
| 22:50 | Build | House |
| 22:51 | Build | House |
| 23:06 | Queue | Villager (Male) |
| 23:10 | Queue | Mangonel |
| 23:20 | Build | Mining Camp |
| 23:33 | Queue | Villager (Male) |
| 23:34 | Queue | Villager (Male) |
| 24:14 | Queue | Mangonel |
| 24:21 | Queue | Archer |
| 24:21 | Queue | Archer |
| 24:22 | Queue | Villager (Male) |
| 24:44 | Queue | Archer |
| 24:44 | Queue | Archer |
| 25:11 | Research | Thumb Ring |
| 25:12 | Queue | Archer ×5 |
| 25:33 | Queue | Mangonel |
| 25:35 | Queue | Villager (Male) |
| 26:34 | Queue | Villager (Male) |
| 27:03 | Queue | Villager (Male) |
| 27:03 | Queue | Villager (Male) |
| 27:04 | Queue | Villager (Male) |
| 27:04 | Queue | Villager (Male) |
| 27:04 | Queue | Villager (Male) |
| 27:11 | Build | Mining Camp |
| 27:17 | Build | House |
Build order — Niccals_
First 150 of 517 actions detected
| 0:01 | Queue | Villager (Male) |
| 0:02 | Build | House |
| 0:04 | Build | House |
| 0:16 | Queue | Villager (Male) |
| 0:19 | Queue | Villager (Male) |
| 0:24 | Queue | Villager (Male) |
| 1:26 | Queue | Villager (Male) |
| 2:05 | Queue | Villager (Male) |
| 2:09 | Build | Lumber Camp |
| 2:13 | Queue | Villager (Male) |
| 2:42 | Queue | Villager (Male) |
| 2:43 | Queue | Villager (Male) |
| 2:58 | Queue | Villager (Male) |
| 3:31 | Queue | Villager (Male) |
| 3:35 | Queue | Villager (Male) |
| 4:09 | Build | House |
| 4:12 | Queue | Villager (Male) |
| 4:15 | Build | Mill |
| 4:47 | Research | Loom |
| 5:00 | Queue | Villager (Male) |
| 5:03 | Queue | Villager (Male) |
| 5:23 | Queue | Villager (Male) |
| 5:38 | Build | House |
| 5:59 | Queue | Villager (Male) |
| 6:00 | Queue | Villager (Male) |
| 6:01 | Queue | Villager (Male) |
| 6:14 | Queue | Villager (Male) |
| 6:25 | Queue | Villager (Male) |
| 6:39 | Queue | Villager (Male) |
| 6:48 | Build | House |
| 6:51 | Build | Mill |
| 7:40 | Queue | Villager (Male) |
| 7:40 | Queue | Villager (Male) |
| 8:02 | Queue | Villager (Male) |
| 8:15 | Queue | Villager (Male) |
| 8:53 | Build | Mining Camp |
| 9:17 | Research | Feudal Age |
| 10:18 | Queue | Villager (Male) |
| 10:19 | Queue | Villager (Male) |
| 11:46 | Age | Feudal Age |
| 11:54 | Build | Market |
| 11:57 | Build | Blacksmith |
| 12:45 | Research | Castle Age |
| 12:45 | Research | Castle Age |
| 12:46 | Research | Castle Age |
| 13:00 | Build | Lumber Camp |
| 13:08 | Research | Double-Bit Axe |
| 13:08 | Research | Double-Bit Axe |
| 13:09 | Research | Horse Collar |
| 13:09 | Research | Horse Collar |
| 15:13 | Queue | Villager (Male) |
| 15:25 | Age | Castle Age |
| 15:27 | Build | Town Center |
| 15:34 | Build | Town Center |
| 15:37 | Queue | Villager (Male) |
| 15:45 | Build | Farm |
| 15:45 | Build | Farm |
| 15:45 | Build | Farm |
| 15:45 | Build | Farm |
| 15:52 | Queue | Villager (Male) |
| 15:55 | Build | Farm |
| 15:58 | Build | Farm |
| 16:24 | Queue | Villager (Male) |
| 16:35 | Build | Farm |
| 16:50 | Queue | Villager (Male) |
| 16:56 | Queue | Villager (Male) ×5 |
| 16:56 | Queue | Villager (Male) ×5 |
| 17:03 | Build | Farm |
| 17:07 | Build | Farm |
| 17:20 | Queue | Villager (Male) |
| 17:24 | Build | Farm |
| 17:26 | Build | Farm |
| 17:31 | Build | Farm |
| 17:47 | Build | Farm |
| 17:47 | Build | Farm |
| 17:47 | Build | Farm |
| 17:48 | Build | Farm |
| 17:48 | Build | Farm |
| 17:48 | Build | Farm |
| 17:56 | Queue | Villager (Male) ×2 |
| 18:03 | Build | Farm |
| 18:06 | Build | Farm |
| 18:11 | Build | Farm |
| 18:14 | Build | House |
| 18:23 | Queue | Villager (Male) ×2 |
| 18:27 | Build | Farm |
| 18:33 | Queue | Villager (Male) |
| 18:36 | Build | Farm |
| 18:41 | Build | Farm |
| 18:58 | Queue | Villager (Male) ×3 |
| 19:06 | Build | House |
| 19:08 | Build | House |
| 19:17 | Build | Farm |
| 19:20 | Build | Farm |
| 19:22 | Build | Farm |
| 19:26 | Build | Farm |
| 19:29 | Queue | Villager (Male) ×3 |
| 19:51 | Build | House |
| 19:52 | Build | House |
| 20:15 | Build | Town Center |
| 20:24 | Queue | Villager (Male) ×5 |
| 20:54 | Build | Farm |
| 20:57 | Build | Farm |
| 21:00 | Build | Farm |
| 21:06 | Build | Farm |
| 21:08 | Queue | Villager (Male) ×5 |
| 21:11 | Queue | Villager (Male) ×5 |
| 21:19 | Build | Farm |
| 21:23 | Build | Farm |
| 21:31 | Build | Farm |
| 21:41 | Build | Monastery |
| 21:43 | Queue | Villager (Male) ×5 |
| 21:49 | Build | Farm |
| 22:02 | Build | Farm |
| 22:18 | Build | University |
| 22:22 | Queue | Villager (Male) ×5 |
| 22:29 | Build | House |
| 22:30 | Build | House |
| 22:33 | Build | House |
| 22:35 | Build | House |
| 22:36 | Build | House |
| 22:39 | Queue | Villager (Male) ×5 |
| 22:44 | Queue | Monk |
| 22:51 | Build | House |
| 22:52 | Build | House |
| 22:53 | Build | House |
| 22:54 | Build | House |
| 22:58 | Queue | Villager (Male) ×4 |
| 23:04 | Build | Farm |
| 23:04 | Build | Farm |
| 23:04 | Build | Farm |
| 23:04 | Build | Farm |
| 23:05 | Build | Farm |
| 23:05 | Build | Farm |
| 23:05 | Build | Farm |
| 23:05 | Build | Farm |
| 23:06 | Build | Farm |
| 23:06 | Build | Farm |
| 23:06 | Build | Farm |
| 23:06 | Build | Farm |
| 23:57 | Queue | Monk |
| 24:07 | Research | Fervor |
| 24:08 | Queue | Villager (Male) ×5 |
| 24:15 | Build | Farm |
| 24:15 | Build | Farm |
| 24:15 | Build | Farm |
| 24:15 | Build | Farm |
| 24:16 | Build | Farm |
| 24:16 | Build | Farm |
| 24:16 | Build | Farm |
Build order — CTM | chiwire
First 150 of 811 actions detected
| 0:02 | Build | House |
| 0:03 | Build | House |
| 0:04 | Research | Loom |
| 0:05 | Queue | Villager (Male) |
| 0:05 | Queue | Villager (Male) |
| 0:05 | Queue | Villager (Male) |
| 0:05 | Queue | Villager (Male) |
| 0:06 | Queue | Villager (Male) |
| 0:34 | Build | Palisade Wall |
| 0:42 | Build | Palisade Wall |
| 2:30 | Queue | Villager (Male) |
| 2:51 | Queue | Villager (Male) |
| 2:59 | Build | Lumber Camp |
| 3:25 | Queue | Villager (Male) |
| 3:25 | Queue | Villager (Male) |
| 4:09 | Queue | Villager (Male) |
| 4:09 | Queue | Villager (Male) |
| 4:09 | Queue | Villager (Male) |
| 4:19 | Build | House |
| 4:34 | Queue | Villager (Male) |
| 4:35 | Queue | Villager (Male) |
| 5:14 | Queue | Villager (Male) |
| 5:14 | Queue | Villager (Male) |
| 5:32 | Queue | Villager (Male) |
| 6:41 | Queue | Villager (Male) |
| 6:42 | Queue | Villager (Male) |
| 6:47 | Build | Mill |
| 7:39 | Queue | Villager (Male) |
| 7:52 | Build | House |
| 7:54 | Queue | Villager (Male) |
| 7:54 | Queue | Villager (Male) |
| 8:26 | Queue | Villager (Male) |
| 9:05 | Build | Mining Camp |
| 9:11 | Research | Feudal Age |
| 9:32 | Build | Mill |
| 10:22 | Build | Barracks |
| 11:00 | Queue | Militia |
| 11:00 | Queue | Militia |
| 11:01 | Queue | Militia |
| 11:02 | Queue | Militia |
| 11:21 | Queue | Villager (Male) |
| 11:21 | Queue | Villager (Male) |
| 11:22 | Queue | Villager (Male) |
| 11:37 | Age | Feudal Age |
| 11:38 | Research | Man-at-Arms (upgrade) |
| 11:52 | Research | Arson |
| 12:06 | Build | House |
| 12:33 | Queue | Militia |
| 12:33 | Queue | Militia |
| 12:34 | Queue | Villager (Male) |
| 12:34 | Queue | Villager (Male) |
| 13:04 | Build | Farm |
| 13:05 | Build | Farm |
| 13:14 | Queue | Militia |
| 13:15 | Queue | Villager (Male) |
| 13:15 | Queue | Villager (Male) |
| 13:33 | Build | House |
| 13:34 | Build | House |
| 13:53 | Queue | Militia |
| 13:53 | Queue | Militia |
| 13:54 | Queue | Villager (Male) |
| 13:54 | Queue | Villager (Male) |
| 14:18 | Queue | Militia |
| 14:19 | Queue | Villager (Male) |
| 14:26 | Build | Blacksmith |
| 14:43 | Build | Farm |
| 15:05 | Queue | Militia |
| 15:09 | Research | Scale Mail Armor |
| 15:10 | Research | Forging |
| 15:14 | Build | Farm |
| 15:17 | Build | Farm |
| 15:19 | Build | Farm |
| 15:24 | Research | Horse Collar |
| 15:46 | Queue | Villager (Male) |
| 16:05 | Queue | Villager (Male) |
| 16:07 | Queue | Militia |
| 16:10 | Queue | Militia |
| 16:12 | Build | House |
| 16:13 | Build | House |
| 16:22 | Research | Wheelbarrow |
| 17:01 | Queue | Militia |
| 17:02 | Queue | Militia |
| 17:03 | Queue | Villager (Male) |
| 17:03 | Queue | Villager (Male) |
| 17:29 | Build | Farm |
| 17:31 | Build | Farm |
| 17:35 | Build | Farm |
| 17:42 | Build | Farm |
| 17:43 | Build | Farm |
| 17:45 | Build | Farm |
| 17:47 | Build | Farm |
| 18:03 | Queue | Villager (Male) |
| 18:33 | Queue | Militia |
| 18:34 | Queue | Villager (Male) |
| 18:50 | Queue | Villager (Male) |
| 19:04 | Build | Stone Wall |
| 19:08 | Build | Gate |
| 19:13 | Build | Stone Wall |
| 19:31 | Queue | Villager (Male) |
| 19:31 | Queue | Villager (Male) |
| 19:32 | Queue | Villager (Male) |
| 19:42 | Build | Gate |
| 19:47 | Build | Stone Wall |
| 19:58 | Queue | Militia |
| 19:59 | Queue | Militia |
| 19:59 | Queue | Villager (Male) |
| 21:10 | Build | Farm |
| 21:11 | Build | Farm |
| 21:11 | Build | Farm |
| 21:15 | Build | Farm |
| 21:18 | Build | Farm |
| 21:18 | Build | Farm |
| 21:20 | Queue | Villager (Male) |
| 21:21 | Queue | Villager (Male) |
| 22:04 | Build | Watch Tower |
| 22:08 | Queue | Villager (Male) |
| 22:09 | Queue | Villager (Male) |
| 22:21 | Build | Mining Camp |
| 22:23 | Queue | Villager (Male) |
| 22:41 | Build | Outpost |
| 22:49 | Research | Fletching |
| 23:31 | Build | Stone Wall |
| 23:35 | Queue | Villager (Male) |
| 23:41 | Build | Market |
| 24:43 | Research | Castle Age |
| 26:26 | Build | House |
| 26:28 | Build | House |
| 27:23 | Age | Castle Age |
| 27:28 | Build | Town Center |
| 27:32 | Build | Town Center |
| 27:59 | Research | Hand Cart |
| 28:00 | Research | Town Watch |
| 28:29 | Build | Town Center |
| 28:50 | Queue | Villager (Male) |
| 28:50 | Queue | Villager (Male) |
| 29:46 | Build | Farm |
| 30:31 | Build | Farm |
| 30:34 | Build | Farm |
| 30:43 | Build | Farm |
| 31:08 | Build | Farm |
| 31:23 | Build | Farm |
| 31:53 | Queue | Villager (Male) |
| 31:53 | Queue | Villager (Male) |
| 31:59 | Build | Farm |
| 32:24 | Build | Farm |
| 32:40 | Queue | Villager (Male) |
| 32:41 | Queue | Villager (Male) |
| 33:07 | Queue | Villager (Male) |
| 33:11 | Build | Farm |
| 33:30 | Build | Castle |
Build order — CTM | SUNYQ
First 150 of 542 actions detected
| 0:03 | Queue | Villager (Male) ×4 |
| 0:05 | Build | House |
| 0:06 | Build | House |
| 0:30 | Research | Loom |
| 0:30 | Queue | Villager (Male) |
| 0:31 | Queue | Villager (Male) |
| 0:31 | Queue | Villager (Male) |
| 1:16 | Build | Palisade Wall |
| 1:29 | Queue | Villager (Male) |
| 2:16 | Queue | Villager (Male) |
| 2:25 | Build | Palisade Wall |
| 2:32 | Build | Palisade Wall |
| 2:42 | Queue | Villager (Male) |
| 3:09 | Queue | Villager (Male) |
| 3:36 | Build | Lumber Camp |
| 3:46 | Queue | Villager (Male) |
| 3:58 | Build | House |
| 4:15 | Queue | Villager (Male) |
| 4:33 | Queue | Villager (Male) |
| 4:36 | Queue | Villager (Male) |
| 5:13 | Build | House |
| 5:27 | Queue | Villager (Male) |
| 5:45 | Queue | Villager (Male) |
| 6:12 | Queue | Villager (Male) |
| 6:28 | Build | House |
| 6:31 | Build | House |
| 6:32 | Build | House |
| 6:40 | Build | Mill |
| 6:42 | Queue | Villager (Male) |
| 6:43 | Queue | Villager (Male) |
| 7:10 | Queue | Villager (Male) |
| 7:10 | Queue | Villager (Male) |
| 7:49 | Build | Mill |
| 7:56 | Queue | Villager (Male) |
| 8:17 | Build | Mining Camp |
| 9:05 | Queue | Villager (Male) |
| 9:06 | Queue | Villager (Male) |
| 9:15 | Research | Feudal Age |
| 9:56 | Build | Mill |
| 11:00 | Queue | Villager (Male) |
| 11:01 | Queue | Villager (Male) |
| 11:40 | Age | Feudal Age |
| 12:00 | Build | Market |
| 12:04 | Build | Blacksmith |
| 12:12 | Build | Farm |
| 12:12 | Build | Farm |
| 12:15 | Build | Farm |
| 12:16 | Build | Farm |
| 12:29 | Queue | Villager (Male) |
| 12:32 | Queue | Villager (Male) |
| 13:02 | Research | Castle Age |
| 13:03 | Research | Castle Age |
| 13:51 | Research | Double-Bit Axe |
| 13:57 | Research | Horse Collar |
| 14:52 | Build | House |
| 15:03 | Build | House |
| 15:11 | Build | House |
| 15:18 | Build | House |
| 15:39 | Queue | Villager (Male) |
| 15:39 | Queue | Villager (Male) |
| 15:39 | Queue | Villager (Male) |
| 15:42 | Age | Castle Age |
| 15:43 | Build | Town Center |
| 16:00 | Build | Town Center |
| 16:35 | Build | Stone Wall |
| 16:41 | Queue | Villager (Male) ×5 |
| 16:51 | Build | Farm |
| 16:53 | Build | Farm |
| 16:56 | Build | Farm |
| 16:59 | Build | Farm |
| 17:24 | Queue | Villager (Male) |
| 17:24 | Queue | Villager (Male) |
| 17:27 | Build | Farm |
| 17:31 | Build | Farm |
| 17:34 | Build | Farm |
| 17:49 | Build | Farm |
| 17:56 | Build | Farm |
| 17:58 | Queue | Villager (Male) ×2 |
| 18:17 | Queue | Villager (Male) |
| 18:23 | Build | Farm |
| 18:28 | Build | Farm |
| 18:32 | Queue | Villager (Male) |
| 18:33 | Queue | Villager (Male) |
| 18:38 | Build | Farm |
| 18:45 | Queue | Villager (Male) |
| 18:51 | Build | Stone Wall |
| 18:55 | Research | Town Watch |
| 19:00 | Build | Farm |
| 19:14 | Build | Farm |
| 19:17 | Queue | Villager (Male) ×2 |
| 19:21 | Build | Farm |
| 19:30 | Queue | Villager (Male) |
| 19:31 | Queue | Villager (Male) |
| 19:45 | Queue | Villager (Male) |
| 19:45 | Queue | Villager (Male) |
| 19:50 | Build | House |
| 19:57 | Build | House |
| 19:58 | Build | House |
| 19:59 | Build | House |
| 19:59 | Build | House |
| 20:01 | Queue | Villager (Male) |
| 20:04 | Queue | Villager (Male) |
| 20:11 | Build | Farm |
| 20:18 | Queue | Villager (Male) |
| 20:19 | Queue | Villager (Male) |
| 20:25 | Build | Farm |
| 20:34 | Queue | Villager (Male) ×2 |
| 20:41 | Build | Lumber Camp |
| 20:47 | Queue | Villager (Male) |
| 20:47 | Queue | Villager (Male) |
| 20:52 | Build | Farm |
| 21:05 | Build | Monastery |
| 21:12 | Build | Monastery |
| 21:17 | Research | Wheelbarrow |
| 21:18 | Queue | Villager (Male) |
| 21:26 | Queue | Villager (Male) |
| 21:27 | Queue | Villager (Male) |
| 21:51 | Build | Farm |
| 21:53 | Build | Farm |
| 21:56 | Build | Farm |
| 21:57 | Build | Farm |
| 21:59 | Queue | Villager (Male) ×5 |
| 22:02 | Build | Farm |
| 22:04 | Build | Farm |
| 22:05 | Queue | Monk |
| 22:07 | Build | Farm |
| 22:10 | Queue | Villager (Male) |
| 22:19 | Build | Farm |
| 22:30 | Build | Farm |
| 22:33 | Build | Farm |
| 22:36 | Queue | Villager (Male) |
| 22:36 | Queue | Villager (Male) |
| 22:51 | Build | Farm |
| 23:12 | Research | Fervor |
| 23:14 | Queue | Villager (Male) |
| 23:15 | Queue | Villager (Male) |
| 23:15 | Queue | Villager (Male) |
| 23:17 | Build | Farm |
| 23:27 | Build | Farm |
| 23:32 | Build | Farm |
| 23:33 | Build | Farm |
| 23:34 | Build | Farm |
| 23:39 | Build | Farm |
| 23:41 | Queue | Villager (Male) |
| 23:42 | Queue | Villager (Male) |
| 23:42 | Queue | Villager (Male) |
| 23:43 | Queue | Villager (Male) |
| 23:50 | Queue | Villager (Male) |
| 23:57 | Queue | Villager (Male) |
| 24:00 | Build | Farm |
Build order — [Kpell] AdrianLeverkuhn
First 150 of 735 actions detected
| 0:03 | Queue | Villager (Male) ×4 |
| 0:03 | Queue | Villager (Male) |
| 0:03 | Queue | Villager (Male) |
| 0:04 | Build | House |
| 0:05 | Build | House |
| 1:12 | Research | Loom |
| 1:12 | Queue | Villager (Male) |
| 1:12 | Queue | Villager (Male) |
| 1:12 | Queue | Villager (Male) |
| 1:12 | Queue | Villager (Male) |
| 1:37 | Queue | Villager (Male) |
| 1:37 | Queue | Villager (Male) |
| 2:14 | Queue | Villager (Male) |
| 2:14 | Queue | Villager (Male) |
| 2:14 | Queue | Villager (Male) |
| 2:14 | Queue | Villager (Male) |
| 2:24 | Build | Palisade Wall |
| 2:54 | Build | Lumber Camp |
| 3:13 | Queue | Villager (Male) |
| 3:13 | Queue | Villager (Male) |
| 3:18 | Queue | Villager (Male) |
| 3:19 | Queue | Villager (Male) |
| 3:19 | Queue | Villager (Male) |
| 3:25 | Build | Palisade Wall |
| 3:50 | Queue | Villager (Male) |
| 3:50 | Queue | Villager (Male) |
| 4:21 | Queue | Villager (Male) |
| 4:21 | Queue | Villager (Male) |
| 4:22 | Queue | Villager (Male) |
| 4:22 | Queue | Villager (Male) |
| 4:22 | Queue | Villager (Male) |
| 4:22 | Queue | Villager (Male) |
| 4:39 | Build | House |
| 4:52 | Queue | Villager (Male) |
| 4:52 | Queue | Villager (Male) |
| 4:52 | Queue | Villager (Male) |
| 4:52 | Queue | Villager (Male) |
| 5:07 | Build | House |
| 5:17 | Queue | Villager (Male) |
| 5:17 | Queue | Villager (Male) |
| 5:17 | Queue | Villager (Male) |
| 5:18 | Queue | Villager (Male) |
| 5:18 | Queue | Villager (Male) |
| 5:37 | Queue | Villager (Male) |
| 5:37 | Queue | Villager (Male) |
| 7:14 | Queue | Villager (Male) |
| 7:15 | Queue | Villager (Male) |
| 7:15 | Queue | Villager (Male) |
| 7:19 | Build | Dock |
| 8:12 | Queue | Fishing Ship |
| 8:29 | Build | Mining Camp |
| 8:36 | Queue | Villager (Male) |
| 8:37 | Queue | Villager (Male) |
| 9:08 | Build | House |
| 9:22 | Queue | Fishing Ship |
| 9:45 | Queue | Villager (Male) |
| 10:08 | Queue | Villager (Male) |
| 10:12 | Queue | Fishing Ship |
| 10:20 | Research | Feudal Age |
| 10:47 | Build | Mining Camp |
| 11:25 | Build | House |
| 11:30 | Build | House |
| 11:32 | Build | House |
| 11:40 | Queue | Villager (Male) |
| 11:55 | Queue | Fishing Ship |
| 12:20 | Queue | Villager (Male) |
| 12:31 | Age | Feudal Age |
| 12:35 | Build | Stone Wall |
| 12:41 | Build | Stone Wall |
| 13:00 | Build | Mill |
| 13:14 | Queue | Villager (Male) |
| 13:32 | Research | Double-Bit Axe |
| 13:32 | Queue | Villager (Male) |
| 13:38 | Queue | Fishing Ship |
| 13:46 | Queue | Villager (Male) |
| 13:58 | Build | Blacksmith |
| 14:05 | Queue | Villager (Male) |
| 14:16 | Build | Market |
| 14:26 | Build | House |
| 14:26 | Build | House |
| 14:48 | Queue | Villager (Male) |
| 14:48 | Queue | Villager (Male) |
| 14:54 | Build | Fish Trap |
| 15:06 | Build | Fish Trap |
| 15:26 | Build | Fish Trap |
| 15:32 | Queue | Villager (Male) |
| 16:09 | Queue | Villager (Male) |
| 16:16 | Build | Fish Trap |
| 16:35 | Research | Castle Age |
| 17:10 | Build | Mill |
| 17:19 | Build | Fish Trap |
| 17:31 | Queue | Fishing Ship |
| 17:55 | Queue | Villager (Male) |
| 18:33 | Build | Fish Trap |
| 19:12 | Queue | Fishing Ship |
| 19:13 | Research | Tech 906 |
| 19:21 | Age | Castle Age |
| 19:23 | Build | Siege Workshop |
| 19:30 | Build | Monastery |
| 19:33 | Queue | Villager (Male) |
| 19:37 | Build | University |
| 19:46 | Queue | Villager (Male) |
| 19:48 | Research | Bow Saw |
| 19:57 | Research | Fervor |
| 19:59 | Queue | Villager (Male) |
| 20:10 | Build | Mining Camp |
| 20:15 | Queue | Mangonel |
| 20:20 | Queue | Villager (Male) |
| 20:34 | Build | Monastery |
| 20:50 | Queue | Villager (Male) |
| 20:56 | Build | Fish Trap |
| 20:58 | Queue | Villager (Male) |
| 21:01 | Queue | Monk |
| 21:06 | Queue | Villager (Male) |
| 21:09 | Queue | Monk |
| 21:22 | Queue | Mangonel |
| 21:24 | Queue | Villager (Male) |
| 21:29 | Build | Outpost |
| 21:40 | Queue | Villager (Male) |
| 21:44 | Research | Town Watch |
| 21:53 | Queue | Monk |
| 22:00 | Queue | Mangonel |
| 22:23 | Queue | Villager (Male) |
| 22:31 | Build | Town Center |
| 22:37 | Queue | Monk |
| 22:48 | Build | House |
| 23:07 | Research | Redemption |
| 23:16 | Queue | Villager (Male) |
| 23:17 | Queue | Villager (Male) |
| 23:42 | Build | Gate |
| 23:46 | Build | Stone Wall |
| 24:01 | Queue | Mangonel |
| 24:04 | Research | Wheelbarrow |
| 24:05 | Queue | Monk |
| 24:06 | Queue | Villager (Male) |
| 24:06 | Queue | Villager (Male) |
| 24:33 | Research | Sanctity |
| 24:34 | Queue | Villager (Male) |
| 24:35 | Queue | Monk |
| 24:53 | Queue | Villager (Male) |
| 25:02 | Queue | Monk |
| 25:43 | Queue | Monk |
| 26:00 | Build | House |
| 26:00 | Build | House |
| 26:32 | Research | Hand Cart |
| 26:33 | Queue | Villager (Male) |
| 26:35 | Queue | Fishing Ship |
| 26:35 | Queue | Fishing Ship |
| 26:38 | Queue | Fishing Ship |
| 26:51 | Queue | Monk |
Build order — CTM | Franco*
First 150 of 370 actions detected
| 0:03 | Research | Loom |
| 0:07 | Build | House |
| 0:09 | Build | House |
| 0:28 | Build | Palisade Wall |
| 0:32 | Queue | Villager (Male) |
| 0:32 | Queue | Villager (Male) |
| 0:32 | Queue | Villager (Male) |
| 0:53 | Queue | Villager (Male) |
| 1:03 | Build | Palisade Gate |
| 1:54 | Build | House |
| 2:00 | Build | Palisade Wall |
| 2:02 | Build | Palisade Wall |
| 2:07 | Build | Palisade Wall |
| 2:09 | Build | Palisade Wall |
| 2:11 | Queue | Villager (Male) |
| 2:11 | Queue | Villager (Male) |
| 2:33 | Build | House |
| 2:34 | Build | House |
| 2:38 | Queue | Villager (Male) |
| 2:38 | Queue | Villager (Male) |
| 3:05 | Queue | Villager (Male) |
| 3:05 | Queue | Villager (Male) |
| 3:31 | Queue | Villager (Male) |
| 3:31 | Queue | Villager (Male) |
| 3:49 | Queue | Villager (Male) |
| 3:49 | Queue | Villager (Male) |
| 4:15 | Queue | Villager (Male) |
| 4:16 | Queue | Villager (Male) |
| 4:34 | Queue | Villager (Male) |
| 4:34 | Queue | Villager (Male) |
| 5:05 | Queue | Villager (Male) |
| 5:05 | Queue | Villager (Male) |
| 5:17 | Queue | Villager (Male) |
| 5:17 | Queue | Villager (Male) |
| 5:51 | Queue | Villager (Male) |
| 5:51 | Queue | Villager (Male) |
| 6:05 | Queue | Villager (Male) |
| 6:05 | Queue | Villager (Male) |
| 6:54 | Queue | Villager (Male) |
| 7:24 | Queue | Villager (Male) |
| 8:04 | Queue | Villager (Male) |
| 8:10 | Build | Lumber Camp |
| 8:12 | Queue | Villager (Male) |
| 8:48 | Queue | Villager (Male) |
| 8:59 | Queue | Villager (Male) |
| 9:04 | Build | Mining Camp |
| 9:44 | Build | Mill |
| 9:50 | Research | Feudal Age |
| 12:00 | Age | Feudal Age |
| 12:06 | Queue | Villager (Male) |
| 12:07 | Queue | Villager (Male) |
| 12:14 | Queue | Villager (Male) |
| 12:38 | Build | Stone Wall |
| 12:44 | Queue | Villager (Male) |
| 13:08 | Build | Stone Wall |
| 13:09 | Build | Stone Wall |
| 13:10 | Build | Stone Wall |
| 13:11 | Build | Stone Wall |
| 13:12 | Build | Stone Wall |
| 13:13 | Build | Stone Wall |
| 13:15 | Build | Stone Wall |
| 13:16 | Build | Stone Wall |
| 13:17 | Build | Stone Wall |
| 13:30 | Build | Mill |
| 13:48 | Build | Mining Camp |
| 13:52 | Queue | Villager (Male) |
| 14:02 | Build | Farm |
| 14:04 | Build | Farm |
| 14:18 | Build | Farm |
| 14:22 | Build | Farm |
| 14:47 | Research | Castle Age |
| 15:29 | Research | Double-Bit Axe |
| 15:56 | Research | Horse Collar |
| 16:38 | Research | Gold Mining |
| 16:44 | Build | Stone Wall |
| 16:45 | Build | Stone Wall |
| 16:46 | Build | Stone Wall |
| 16:48 | Build | Stone Wall |
| 16:50 | Build | Stone Wall |
| 16:52 | Build | Stone Wall |
| 16:54 | Build | Stone Wall |
| 17:01 | Research | Stone Mining |
| 17:27 | Age | Castle Age |
| 17:31 | Queue | Villager (Male) |
| 17:39 | Build | Town Center |
| 17:40 | Queue | Villager (Male) |
| 17:45 | Build | House |
| 17:46 | Build | House |
| 17:47 | Build | House |
| 17:58 | Research | Bow Saw |
| 18:06 | Build | House |
| 18:07 | Build | House |
| 18:07 | Build | House |
| 18:33 | Queue | Villager (Male) |
| 18:33 | Queue | Villager (Male) |
| 18:33 | Queue | Villager (Male) |
| 18:47 | Queue | Villager (Male) |
| 19:11 | Queue | Villager (Male) |
| 19:22 | Build | Outpost |
| 19:26 | Queue | Villager (Male) |
| 19:38 | Build | Town Center |
| 19:53 | Queue | Villager (Male) |
| 19:54 | Queue | Villager (Male) |
| 20:07 | Build | House |
| 20:08 | Build | House |
| 20:10 | Build | House |
| 20:17 | Queue | Villager (Male) |
| 20:19 | Queue | Villager (Male) |
| 20:27 | Build | Outpost |
| 20:28 | Build | Outpost |
| 20:34 | Build | Farm |
| 20:35 | Queue | Villager (Male) |
| 20:36 | Queue | Villager (Male) |
| 20:47 | Build | Town Center |
| 20:56 | Build | Farm |
| 21:00 | Build | Farm |
| 21:05 | Queue | Villager (Male) |
| 21:27 | Queue | Villager (Male) |
| 21:44 | Build | Farm |
| 21:49 | Build | Farm |
| 21:55 | Build | Farm |
| 21:58 | Build | Farm |
| 22:00 | Queue | Villager (Male) |
| 22:07 | Queue | Villager (Male) |
| 22:12 | Build | House |
| 22:14 | Build | House |
| 22:15 | Build | House |
| 22:32 | Build | Siege Workshop |
| 22:34 | Queue | Villager (Male) |
| 22:45 | Queue | Villager (Male) |
| 22:54 | Build | Lumber Camp |
| 22:58 | Build | Farm |
| 23:01 | Build | Farm |
| 23:04 | Build | Farm |
| 23:06 | Queue | Villager (Male) |
| 23:13 | Queue | Villager (Male) |
| 23:20 | Queue | Mangonel |
| 23:21 | Queue | Mangonel |
| 23:41 | Build | Mining Camp |
| 23:42 | Queue | Villager (Male) |
| 23:42 | Queue | Villager (Male) |
| 23:43 | Queue | Villager (Male) |
| 23:55 | Queue | Villager (Male) |
| 24:16 | Build | Siege Workshop |
| 24:17 | Queue | Villager (Male) |
| 24:17 | Queue | Villager (Male) |
| 24:24 | Queue | Villager (Male) |
| 24:25 | Queue | Villager (Male) |
| 24:28 | Build | Farm |
| 24:34 | Queue | Villager (Male) |
Build order — Si me criticas te fedeo
First 150 of 922 actions detected
| 0:02 | Queue | Villager (Male) |
| 0:02 | Research | Loom |
| 0:02 | Queue | Villager (Male) |
| 0:02 | Queue | Villager (Male) |
| 0:03 | Queue | Villager (Male) |
| 0:03 | Queue | Villager (Male) |
| 0:06 | Build | House |
| 1:21 | Build | Palisade Gate |
| 1:29 | Build | House |
| 1:41 | Build | Lumber Camp |
| 1:49 | Build | Lumber Camp |
| 2:07 | Queue | Villager (Male) |
| 2:07 | Queue | Villager (Male) |
| 2:07 | Queue | Villager (Male) |
| 2:14 | Build | Palisade Wall |
| 2:28 | Build | Palisade Wall |
| 2:28 | Build | Palisade Wall |
| 2:34 | Build | Palisade Wall |
| 2:35 | Build | Palisade Wall |
| 2:35 | Build | Palisade Wall |
| 2:49 | Queue | Villager (Male) |
| 2:49 | Queue | Villager (Male) |
| 2:50 | Queue | Villager (Male) |
| 2:57 | Build | Palisade Wall |
| 2:58 | Build | Palisade Wall |
| 3:12 | Build | Palisade Wall |
| 3:12 | Build | Palisade Wall |
| 3:13 | Build | Palisade Wall |
| 3:16 | Queue | Villager (Male) |
| 3:16 | Queue | Villager (Male) |
| 3:16 | Queue | Villager (Male) |
| 3:38 | Queue | Villager (Male) |
| 3:47 | Queue | Villager (Male) |
| 3:47 | Queue | Villager (Male) |
| 3:53 | Build | House |
| 3:56 | Build | Palisade Wall |
| 3:57 | Build | Palisade Wall |
| 4:28 | Build | Palisade Wall |
| 4:28 | Build | Palisade Wall |
| 4:33 | Build | House |
| 4:44 | Queue | Villager (Male) |
| 4:44 | Queue | Villager (Male) |
| 4:45 | Queue | Villager (Male) |
| 4:45 | Queue | Villager (Male) |
| 4:53 | Build | Palisade Wall |
| 4:53 | Build | Palisade Wall |
| 4:55 | Build | Palisade Wall |
| 5:35 | Build | Palisade Wall |
| 5:40 | Queue | Villager (Male) |
| 5:41 | Queue | Villager (Male) |
| 5:41 | Queue | Villager (Male) |
| 6:00 | Build | Palisade Wall |
| 6:18 | Queue | Villager (Male) |
| 6:18 | Queue | Villager (Male) |
| 6:18 | Queue | Villager (Male) |
| 6:19 | Queue | Villager (Male) |
| 6:19 | Queue | Villager (Male) |
| 6:19 | Queue | Villager (Male) |
| 6:25 | Queue | Villager (Male) |
| 6:25 | Queue | Villager (Male) |
| 6:49 | Queue | Villager (Male) |
| 6:49 | Queue | Villager (Male) |
| 6:49 | Queue | Villager (Male) |
| 6:49 | Queue | Villager (Male) |
| 6:49 | Queue | Villager (Male) |
| 6:54 | Build | Palisade Wall |
| 7:10 | Queue | Villager (Male) |
| 7:10 | Queue | Villager (Male) |
| 7:10 | Queue | Villager (Male) |
| 7:36 | Queue | Villager (Male) |
| 7:36 | Queue | Villager (Male) |
| 7:37 | Queue | Villager (Male) |
| 7:44 | Build | Palisade Wall |
| 7:56 | Build | Palisade Wall |
| 7:58 | Build | Palisade Wall |
| 7:59 | Build | Palisade Wall |
| 8:26 | Queue | Villager (Male) |
| 8:27 | Queue | Villager (Male) |
| 8:27 | Queue | Villager (Male) |
| 8:27 | Queue | Villager (Male) |
| 8:27 | Queue | Villager (Male) |
| 8:27 | Queue | Villager (Male) |
| 8:28 | Queue | Villager (Male) |
| 8:39 | Build | Mill |
| 9:17 | Build | House |
| 9:36 | Build | Palisade Wall |
| 9:45 | Build | Palisade Gate |
| 10:30 | Queue | Villager (Male) |
| 10:30 | Queue | Villager (Male) |
| 10:31 | Queue | Villager (Male) |
| 10:31 | Queue | Villager (Male) |
| 10:31 | Queue | Villager (Male) |
| 10:45 | Queue | Villager (Male) |
| 10:48 | Queue | Villager (Male) |
| 10:51 | Build | Mill |
| 10:53 | Queue | Villager (Male) |
| 11:02 | Build | Palisade Wall |
| 11:21 | Research | Feudal Age |
| 11:21 | Research | Feudal Age |
| 11:45 | Build | Mining Camp |
| 12:09 | Build | House |
| 12:19 | Queue | Villager (Male) |
| 12:19 | Queue | Villager (Male) |
| 12:20 | Queue | Villager (Male) |
| 13:14 | Build | Palisade Wall |
| 13:31 | Age | Feudal Age |
| 13:45 | Build | Stone Wall |
| 13:50 | Build | Stone Wall |
| 13:59 | Queue | Villager (Male) |
| 13:59 | Queue | Villager (Male) |
| 13:59 | Queue | Villager (Male) |
| 14:00 | Queue | Villager (Male) |
| 14:00 | Queue | Villager (Male) |
| 14:01 | Queue | Villager (Male) |
| 14:01 | Queue | Villager (Male) |
| 14:01 | Queue | Villager (Male) |
| 14:05 | Build | Gate |
| 14:10 | Build | Stone Wall |
| 14:17 | Queue | Villager (Male) |
| 14:46 | Queue | Villager (Male) |
| 14:47 | Queue | Villager (Male) |
| 14:47 | Queue | Villager (Male) |
| 14:47 | Queue | Villager (Male) |
| 14:49 | Build | Gate |
| 14:53 | Build | Stone Wall |
| 14:54 | Build | Stone Wall |
| 14:56 | Build | Stone Wall |
| 14:57 | Build | Stone Wall |
| 14:58 | Build | Stone Wall |
| 15:12 | Queue | Villager (Male) |
| 15:12 | Queue | Villager (Male) |
| 15:12 | Queue | Villager (Male) |
| 15:13 | Queue | Villager (Male) |
| 15:21 | Build | Lumber Camp |
| 15:26 | Build | Stone Wall |
| 15:42 | Build | House |
| 15:45 | Build | House |
| 15:51 | Build | Stone Wall |
| 15:52 | Queue | Villager (Male) |
| 16:04 | Build | Stone Wall |
| 16:06 | Build | Gate |
| 16:10 | Queue | Villager (Male) |
| 16:10 | Queue | Villager (Male) |
| 16:10 | Queue | Villager (Male) |
| 16:12 | Build | Stone Wall |
| 16:14 | Build | Stone Wall |
| 16:18 | Build | Farm |
| 16:30 | Build | Gate |
| 16:33 | Build | Stone Wall |
| 16:35 | Build | Stone Wall |
Build order — PSX | King
First 150 of 706 actions detected
| 0:02 | Queue | Villager (Male) |
| 0:02 | Queue | Villager (Male) |
| 0:03 | Build | House |
| 0:04 | Build | House |
| 0:35 | Queue | Villager (Male) |
| 0:35 | Queue | Villager (Male) |
| 0:35 | Queue | Villager (Male) |
| 1:25 | Queue | Villager (Male) |
| 1:25 | Queue | Villager (Male) |
| 1:44 | Build | Lumber Camp |
| 2:02 | Queue | Villager (Male) |
| 2:02 | Queue | Villager (Male) |
| 2:19 | Queue | Villager (Male) |
| 2:19 | Queue | Villager (Male) |
| 3:07 | Queue | Villager (Male) |
| 3:07 | Queue | Villager (Male) |
| 3:07 | Queue | Villager (Male) |
| 3:11 | Build | House |
| 3:11 | Build | House |
| 3:29 | Queue | Villager (Male) |
| 3:29 | Queue | Villager (Male) |
| 3:31 | Research | Loom |
| 3:31 | Research | Loom |
| 3:33 | Queue | Villager (Male) |
| 3:33 | Queue | Villager (Male) |
| 3:44 | Build | Palisade Wall |
| 4:07 | Queue | Villager (Male) |
| 4:16 | Build | House |
| 4:45 | Queue | Villager (Male) |
| 4:45 | Queue | Villager (Male) |
| 4:57 | Build | Palisade Gate |
| 5:30 | Queue | Villager (Male) |
| 5:31 | Queue | Villager (Male) |
| 5:44 | Queue | Villager (Male) |
| 5:45 | Queue | Villager (Male) |
| 6:07 | Build | Mill |
| 6:10 | Queue | Villager (Male) |
| 6:33 | Build | Dock |
| 6:41 | Queue | Villager (Male) |
| 6:41 | Queue | Villager (Male) |
| 7:24 | Queue | Villager (Male) |
| 7:24 | Queue | Villager (Male) |
| 7:25 | Queue | Villager (Male) |
| 7:32 | Queue | Fishing Ship |
| 7:32 | Queue | Fishing Ship |
| 8:09 | Queue | Fishing Ship |
| 8:18 | Build | House |
| 8:18 | Build | House |
| 8:20 | Build | House |
| 8:24 | Queue | Villager (Male) |
| 8:53 | Queue | Villager (Male) |
| 8:53 | Queue | Villager (Male) |
| 9:46 | Build | Mining Camp |
| 10:04 | Queue | Villager (Male) |
| 10:05 | Research | Feudal Age |
| 10:10 | Queue | Fishing Ship |
| 10:51 | Build | Lumber Camp |
| 11:04 | Build | Mining Camp |
| 11:20 | Queue | Villager (Male) |
| 11:20 | Queue | Villager (Male) |
| 12:32 | Age | Feudal Age |
| 12:35 | Build | Market |
| 12:38 | Build | Blacksmith |
| 12:53 | Research | Double-Bit Axe |
| 13:31 | Research | Castle Age |
| 13:31 | Research | Castle Age |
| 14:41 | Queue | Villager (Male) |
| 14:45 | Research | Horse Collar |
| 14:53 | Build | Fish Trap |
| 15:08 | Queue | Fishing Ship |
| 15:08 | Queue | Fishing Ship |
| 15:35 | Build | Stone Wall |
| 15:56 | Age | Castle Age |
| 15:58 | Build | Town Center |
| 16:05 | Build | Town Center |
| 16:16 | Queue | Villager (Male) |
| 16:26 | Build | Town Center |
| 16:33 | Queue | Villager (Male) |
| 16:46 | Queue | Villager (Male) |
| 16:58 | Build | Fish Trap |
| 17:01 | Build | Fish Trap |
| 17:04 | Queue | Fishing Ship |
| 17:06 | Queue | Villager (Male) |
| 17:06 | Queue | Villager (Male) |
| 17:17 | Research | Bow Saw |
| 17:17 | Research | Bow Saw |
| 17:23 | Queue | Villager (Male) |
| 17:31 | Research | Tech 906 |
| 17:38 | Queue | Villager (Male) |
| 17:48 | Build | Fish Trap |
| 17:50 | Queue | Fishing Ship |
| 17:52 | Queue | Villager (Male) |
| 17:53 | Queue | Villager (Male) |
| 17:54 | Queue | Villager (Male) |
| 17:54 | Queue | Villager (Male) |
| 18:14 | Build | Stone Wall |
| 18:16 | Build | Gate |
| 18:19 | Queue | Fishing Ship |
| 18:20 | Queue | Fishing Ship |
| 18:20 | Queue | Fishing Ship |
| 18:20 | Queue | Fishing Ship |
| 18:32 | Build | Dock |
| 18:37 | Build | Fish Trap |
| 18:50 | Queue | Villager (Male) |
| 18:51 | Queue | Villager (Male) |
| 18:51 | Queue | Villager (Male) |
| 18:52 | Queue | Fishing Ship |
| 18:53 | Queue | Fishing Ship |
| 19:01 | Build | Farm |
| 19:01 | Build | Farm |
| 19:01 | Build | Farm |
| 19:01 | Build | Farm |
| 19:02 | Build | Farm |
| 19:02 | Build | Farm |
| 19:02 | Build | Farm |
| 19:05 | Build | Farm |
| 19:06 | Build | Farm |
| 19:06 | Build | Farm |
| 19:06 | Build | Farm |
| 19:17 | Build | Fish Trap |
| 19:18 | Queue | Fishing Ship |
| 19:19 | Queue | Fishing Ship |
| 19:25 | Queue | Villager (Male) |
| 19:25 | Queue | Villager (Male) |
| 19:30 | Build | Farm |
| 19:32 | Build | Farm |
| 19:37 | Queue | Villager (Male) |
| 19:38 | Queue | Villager (Male) |
| 19:46 | Build | Fish Trap |
| 19:48 | Queue | Fishing Ship |
| 19:48 | Queue | Fishing Ship |
| 20:03 | Build | Fish Trap |
| 20:05 | Queue | Fishing Ship |
| 20:06 | Queue | Fishing Ship |
| 20:06 | Queue | Fishing Ship |
| 20:07 | Queue | Villager (Male) |
| 20:07 | Queue | Villager (Male) |
| 20:17 | Queue | Villager (Male) |
| 20:17 | Queue | Villager (Male) |
| 20:27 | Build | Fish Trap |
| 20:30 | Queue | Fishing Ship |
| 20:30 | Queue | Fishing Ship |
| 20:31 | Queue | Villager (Male) |
| 20:31 | Queue | Villager (Male) |
| 20:37 | Build | Outpost |
| 20:40 | Queue | Villager (Male) |
| 20:41 | Queue | Villager (Male) |
| 20:47 | Build | House |
| 20:47 | Build | House |
| 20:48 | Build | House |
Match timeline
| 0:28 | CTM | Franco* · wall_segment Palisade Wall x12 |
| 0:34 | CTM | chiwire · wall_segment Palisade Wall x9 |
| 0:42 | CTM | chiwire · wall_segment Palisade Wall x8 |
| 1:16 | CTM | SUNYQ · wall_segment Palisade Wall x8 |
| 2:00 | CTM | Franco* · wall_segment Palisade Wall x8 |
| 2:02 | CTM | Franco* · wall_segment Palisade Wall x1 |
| 2:07 | CTM | Franco* · wall_segment Palisade Wall x1 |
| 2:09 | CTM | Franco* · wall_segment Palisade Wall x1 |
| 2:14 | Si me criticas te fedeo · wall_segment Palisade Wall x6 |
| 2:24 | [Kpell] AdrianLeverkuhn · wall_segment Palisade Wall x9 |
| 2:25 | CTM | SUNYQ · wall_segment Palisade Wall x1 |
| 2:28 | Si me criticas te fedeo · wall_segment Palisade Wall x1 |
| 2:28 | Si me criticas te fedeo · wall_segment Palisade Wall x1 |
| 2:32 | CTM | SUNYQ · wall_segment Palisade Wall x8 |
| 2:34 | Si me criticas te fedeo · wall_segment Palisade Wall x1 |
| 2:35 | Si me criticas te fedeo · wall_segment Palisade Wall x1 |
| 2:35 | Si me criticas te fedeo · wall_segment Palisade Wall x1 |
| 2:57 | Si me criticas te fedeo · wall_segment Palisade Wall x1 |
| 2:58 | Si me criticas te fedeo · wall_segment Palisade Wall x1 |
| 3:12 | Si me criticas te fedeo · wall_segment Palisade Wall x1 |
| 3:12 | Si me criticas te fedeo · wall_segment Palisade Wall x1 |
| 3:13 | Si me criticas te fedeo · wall_segment Palisade Wall x1 |
| 3:25 | [Kpell] AdrianLeverkuhn · wall_segment Palisade Wall x10 |
| 3:44 | PSX | King · wall_segment Palisade Wall x9 |
| 3:56 | Si me criticas te fedeo · wall_segment Palisade Wall x1 |
| 3:57 | Si me criticas te fedeo · wall_segment Palisade Wall x1 |
| 4:28 | Si me criticas te fedeo · wall_segment Palisade Wall x1 |
| 4:28 | Si me criticas te fedeo · wall_segment Palisade Wall x1 |
| 4:39 | ijkabob · first_building Dock |
| 4:53 | Si me criticas te fedeo · wall_segment Palisade Wall x1 |
| 4:53 | Si me criticas te fedeo · wall_segment Palisade Wall x1 |
| 4:55 | Si me criticas te fedeo · wall_segment Palisade Wall x1 |
| 5:35 | Si me criticas te fedeo · wall_segment Palisade Wall x3 |
| 6:00 | Si me criticas te fedeo · wall_segment Palisade Wall x5 |
| 6:33 | PSX | King · first_building Dock |
| 6:54 | Si me criticas te fedeo · wall_segment Palisade Wall x4 |
| 7:19 | [Kpell] AdrianLeverkuhn · first_building Dock |
| 7:44 | Si me criticas te fedeo · wall_segment Palisade Wall x6 |
| 7:56 | Si me criticas te fedeo · wall_segment Palisade Wall x1 |
| 7:58 | Si me criticas te fedeo · wall_segment Palisade Wall x1 |
| 7:59 | Si me criticas te fedeo · wall_segment Palisade Wall x1 |
| 9:36 | Si me criticas te fedeo · wall_segment Palisade Wall x11 |
| 10:22 | CTM | chiwire · first_building Barracks |
| 11:02 | Si me criticas te fedeo · wall_segment Palisade Wall x8 |
| 11:37 | CTM | chiwire · age_up feudal |
| 11:40 | CTM | SUNYQ · age_up feudal |
| 11:46 | Niccals_ · age_up feudal |
| 12:00 | CTM | Franco* · age_up feudal |
| 12:31 | [Kpell] AdrianLeverkuhn · age_up feudal |
| 12:32 | PSX | King · age_up feudal |
| 12:35 | [Kpell] AdrianLeverkuhn · wall_segment Stone Wall x9 |
| 12:38 | CTM | Franco* · wall_segment Stone Wall x8 |
| 12:39 | ijkabob · age_up feudal |
| 12:41 | [Kpell] AdrianLeverkuhn · wall_segment Stone Wall x12 |
| 13:08 | CTM | Franco* · wall_segment Stone Wall x1 |
| 13:09 | CTM | Franco* · wall_segment Stone Wall x1 |
| 13:10 | CTM | Franco* · wall_segment Stone Wall x1 |
| 13:11 | CTM | Franco* · wall_segment Stone Wall x1 |
| 13:12 | CTM | Franco* · wall_segment Stone Wall x1 |
| 13:13 | CTM | Franco* · wall_segment Stone Wall x1 |
| 13:14 | Si me criticas te fedeo · wall_segment Palisade Wall x14 |
| 13:15 | CTM | Franco* · wall_segment Stone Wall x1 |
| 13:16 | CTM | Franco* · wall_segment Stone Wall x1 |
| 13:17 | CTM | Franco* · wall_segment Stone Wall x1 |
| 13:31 | Si me criticas te fedeo · age_up feudal |
| 13:45 | Si me criticas te fedeo · wall_segment Stone Wall x3 |
| 13:50 | Si me criticas te fedeo · wall_segment Stone Wall x6 |
| 14:10 | Si me criticas te fedeo · wall_segment Stone Wall x4 |
| 14:53 | Si me criticas te fedeo · wall_segment Stone Wall x1 |
| 14:54 | ijkabob · first_building Barracks |
| 14:54 | Si me criticas te fedeo · wall_segment Stone Wall x1 |
| 14:56 | Si me criticas te fedeo · wall_segment Stone Wall x1 |
| 14:57 | Si me criticas te fedeo · wall_segment Stone Wall x1 |
| 14:58 | Si me criticas te fedeo · wall_segment Stone Wall x1 |
| 15:25 | Niccals_ · age_up castle |
| 15:26 | Si me criticas te fedeo · wall_segment Stone Wall x5 |
| 15:35 | PSX | King · wall_segment Stone Wall x12 |
| 15:38 | ijkabob · first_building Archery Range |
| 15:42 | CTM | SUNYQ · age_up castle |
| 15:49 | [Kpell] AdrianLeverkuhn · first_market_buy 100 food |
| 15:51 | [Kpell] AdrianLeverkuhn · first_market_sell 100 wood |
| 15:51 | Si me criticas te fedeo · wall_segment Stone Wall x1 |
| 15:56 | PSX | King · age_up castle |
| 16:04 | Si me criticas te fedeo · wall_segment Stone Wall x8 |
| 16:12 | Si me criticas te fedeo · wall_segment Stone Wall x1 |
| 16:14 | Si me criticas te fedeo · wall_segment Stone Wall x1 |
| 16:14 | CTM | SUNYQ · first_market_buy 100 stone |
| 16:19 | PSX | King · first_market_buy 100 wood |
| 16:33 | Si me criticas te fedeo · wall_segment Stone Wall x1 |
| 16:35 | CTM | SUNYQ · wall_segment Stone Wall x10 |
| 16:35 | Si me criticas te fedeo · wall_segment Stone Wall x1 |
| 16:36 | Si me criticas te fedeo · wall_segment Stone Wall x1 |
| 16:44 | CTM | Franco* · wall_segment Stone Wall x1 |
| 16:45 | CTM | Franco* · wall_segment Stone Wall x1 |
| 16:45 | Si me criticas te fedeo · wall_segment Stone Wall x1 |
| 16:46 | CTM | Franco* · wall_segment Stone Wall x1 |
| 16:48 | CTM | Franco* · wall_segment Stone Wall x2 |
| 16:50 | CTM | Franco* · wall_segment Stone Wall x1 |
| 16:52 | CTM | Franco* · wall_segment Stone Wall x1 |
| 16:54 | CTM | Franco* · wall_segment Stone Wall x1 |
| 17:07 | Si me criticas te fedeo · wall_segment Stone Wall x1 |
| 17:22 | ijkabob · age_up castle |
| 17:24 | Si me criticas te fedeo · wall_segment Stone Wall x4 |
| 17:27 | CTM | Franco* · age_up castle |
| 17:41 | Niccals_ · first_market_buy 100 stone |
| 18:14 | PSX | King · wall_segment Stone Wall x15 |
| 18:51 | CTM | SUNYQ · wall_segment Stone Wall x9 |
| 19:04 | CTM | chiwire · wall_segment Stone Wall x4 |
| 19:13 | CTM | chiwire · wall_segment Stone Wall x3 |
| 19:21 | [Kpell] AdrianLeverkuhn · age_up castle |
| 19:23 | [Kpell] AdrianLeverkuhn · first_building Siege Workshop |
| 19:30 | [Kpell] AdrianLeverkuhn · first_building Monastery |
| 19:47 | CTM | chiwire · wall_segment Stone Wall x8 |
| 19:53 | ijkabob · first_building Siege Workshop |
| 21:02 | Si me criticas te fedeo · wall_segment Stone Wall x11 |
| 21:05 | CTM | SUNYQ · first_building Monastery |
| 21:23 | Si me criticas te fedeo · wall_segment Stone Wall x7 |
| 21:27 | ijkabob · first_building Monastery |
| 21:36 | Si me criticas te fedeo · wall_segment Stone Wall x7 |
| 21:36 | Si me criticas te fedeo · wall_segment Stone Wall x2 |
| 21:41 | Niccals_ · first_building Monastery |
| 21:46 | Si me criticas te fedeo · wall_segment Stone Wall x4 |
| 21:51 | Si me criticas te fedeo · wall_segment Stone Wall x1 |
| 22:00 | Si me criticas te fedeo · wall_segment Stone Wall x1 |
| 22:23 | PSX | King · tribute_sent a jugador 1 |
| 22:23 | PSX | King · tribute_sent a jugador 2 |
| 22:23 | PSX | King · tribute_sent a jugador 3 |
| 22:23 | PSX | King · tribute_sent a jugador 4 |
| 22:23 | PSX | King · tribute_sent a jugador 5 |
| 22:23 | PSX | King · tribute_sent a jugador 6 |
| 22:23 | PSX | King · tribute_sent a jugador 7 |
| 22:32 | CTM | Franco* · first_building Siege Workshop |
| 23:18 | ijkabob · first_market_buy 100 wood |
| 23:31 | CTM | chiwire · wall_segment Stone Wall x9 |
| 23:46 | [Kpell] AdrianLeverkuhn · wall_segment Stone Wall x2 |
| 24:04 | Niccals_ · first_market_sell 100 food |
| 24:37 | PSX | King · wall_segment Stone Wall x1 |
| 24:40 | CTM | chiwire · first_market_buy 100 stone |
| 24:49 | PSX | King · first_building Siege Workshop |
| 25:36 | PSX | King · wall_segment Stone Wall x14 |
| 25:40 | CTM | Franco* · wall_segment Stone Wall x5 |
| 25:50 | Niccals_ · first_building Barracks |
| 26:48 | Si me criticas te fedeo · wall_segment Stone Wall x5 |
| 26:54 | CTM | Franco* · first_building Castle |
| 27:02 | CTM | SUNYQ · first_building Barracks |
| 27:11 | [Kpell] AdrianLeverkuhn · first_building Barracks |
| 27:23 | CTM | chiwire · age_up castle |
| 27:31 | PSX | King · first_building Castle |
| 27:35 | Si me criticas te fedeo · wall_segment Stone Wall x8 |
| 27:41 | Si me criticas te fedeo · wall_segment Stone Wall x1 |
| 27:42 | Si me criticas te fedeo · wall_segment Stone Wall x1 |
| 27:44 | PSX | King · first_building Monastery |
| 27:47 | Si me criticas te fedeo · wall_segment Stone Wall x5 |
| 27:51 | Niccals_ · first_building Archery Range |
| 28:05 | CTM | SUNYQ · first_building Siege Workshop |
| 28:21 | PSX | King · first_market_sell 500 wood |
| 28:30 | CTM | SUNYQ · age_up imperial |
| 28:47 | Niccals_ · age_up imperial |
| 28:51 | Si me criticas te fedeo · wall_segment Stone Wall x11 |
| 28:59 | Si me criticas te fedeo · wall_segment Stone Wall x16 |
| 29:00 | PSX | King · first_building Barracks |
| 29:09 | CTM | SUNYQ · first_building Archery Range |
| 29:20 | Niccals_ · first_building Siege Workshop |
| 29:29 | CTM | Franco* · wall_segment Stone Wall x6 |
| 29:36 | CTM | Franco* · wall_segment Stone Wall x5 |
| 30:33 | Si me criticas te fedeo · first_market_sell 100 food |
| 30:34 | [Kpell] AdrianLeverkuhn · first_building Archery Range |
| 30:39 | PSX | King · first_building Stable |
| 31:08 | CTM | Franco* · wall_segment Stone Wall x1 |
| 31:12 | CTM | SUNYQ · first_building Castle |
| 31:22 | PSX | King · age_up imperial |
| 31:29 | [Kpell] AdrianLeverkuhn · wall_segment Stone Wall x11 |
| 32:42 | [Kpell] AdrianLeverkuhn · wall_segment Stone Wall x15 |
| 33:17 | Si me criticas te fedeo · age_up castle |
| 33:30 | CTM | chiwire · first_building Castle |
| 33:51 | CTM | SUNYQ · first_building Stable |
| 34:12 | ijkabob · first_market_sell 100 food |
| 34:16 | ijkabob · age_up imperial |
| 34:38 | Si me criticas te fedeo · first_building Monastery |
| 35:02 | Si me criticas te fedeo · first_market_buy 100 food |
| 35:13 | Niccals_ · first_building Castle |
| 35:21 | [Kpell] AdrianLeverkuhn · age_up imperial |
| 36:21 | [Kpell] AdrianLeverkuhn · first_building Castle |
| 36:47 | CTM | SUNYQ · tribute_sent a jugador 1 |
| 36:47 | CTM | SUNYQ · tribute_sent a jugador 2 |
| 36:47 | CTM | SUNYQ · tribute_sent a jugador 3 |
| 36:47 | CTM | SUNYQ · tribute_sent a jugador 5 |
| 36:47 | CTM | SUNYQ · tribute_sent a jugador 6 |
| 36:47 | CTM | SUNYQ · tribute_sent a jugador 7 |
| 36:47 | CTM | SUNYQ · tribute_sent a jugador 8 |
| 37:31 | ijkabob · first_building Castle |
| 39:30 | ijkabob · first_building Stable |
| 39:34 | Si me criticas te fedeo · first_building Castle |
| 39:42 | Si me criticas te fedeo · wall_segment Stone Wall x26 |
| 39:51 | Si me criticas te fedeo · wall_segment Stone Wall x5 |
| 39:55 | Si me criticas te fedeo · wall_segment Stone Wall x2 |
| 39:57 | Si me criticas te fedeo · wall_segment Stone Wall x11 |
| 39:59 | Si me criticas te fedeo · wall_segment Stone Wall x6 |
| 40:14 | Si me criticas te fedeo · wall_segment Stone Wall x6 |
| 40:33 | Si me criticas te fedeo · wall_segment Stone Wall x7 |
| 41:01 | Si me criticas te fedeo · wall_segment Stone Wall x16 |
| 41:03 | Si me criticas te fedeo · wall_segment Stone Wall x8 |
| 42:19 | Si me criticas te fedeo · wall_segment Stone Wall x4 |
| 42:38 | CTM | Franco* · age_up imperial |
| 43:17 | Si me criticas te fedeo · wall_segment Stone Wall x1 |
| 43:22 | Niccals_ · tribute_sent a jugador 2 |
| 43:22 | Niccals_ · tribute_sent a jugador 3 |
| 43:22 | Niccals_ · tribute_sent a jugador 4 |
| 43:22 | Niccals_ · tribute_sent a jugador 5 |
| 43:22 | Niccals_ · tribute_sent a jugador 6 |
| 43:22 | Niccals_ · tribute_sent a jugador 7 |
| 43:22 | Niccals_ · tribute_sent a jugador 8 |
| 43:31 | Si me criticas te fedeo · wall_segment Stone Wall x5 |
| 44:16 | CTM | SUNYQ · wall_segment Stone Wall x8 |
| 44:31 | PSX | King · tribute_sent a jugador 1 |
| 44:31 | PSX | King · tribute_sent a jugador 2 |
| 44:31 | PSX | King · tribute_sent a jugador 3 |
| 44:31 | PSX | King · tribute_sent a jugador 4 |
| 44:31 | PSX | King · tribute_sent a jugador 5 |
| 44:31 | PSX | King · tribute_sent a jugador 6 |
| 44:31 | PSX | King · tribute_sent a jugador 7 |
| 44:37 | CTM | SUNYQ · wall_segment Stone Wall x7 |
| 44:45 | Si me criticas te fedeo · wall_segment Stone Wall x1 |
| 44:46 | Niccals_ · wall_segment Stone Wall x15 |
| 44:47 | CTM | SUNYQ · wall_segment Stone Wall x3 |
| 45:02 | Niccals_ · tribute_sent a jugador 2 |
| 45:02 | Niccals_ · tribute_sent a jugador 3 |
| 45:02 | Niccals_ · tribute_sent a jugador 4 |
| 45:02 | Niccals_ · tribute_sent a jugador 5 |
| 45:02 | Niccals_ · tribute_sent a jugador 6 |
| 45:02 | Niccals_ · tribute_sent a jugador 7 |
| 45:02 | Niccals_ · tribute_sent a jugador 8 |
| 45:02 | Si me criticas te fedeo · tribute_sent a jugador 1 |
| 45:02 | Si me criticas te fedeo · tribute_sent a jugador 2 |
| 45:02 | Si me criticas te fedeo · tribute_sent a jugador 3 |
| 45:02 | Si me criticas te fedeo · tribute_sent a jugador 4 |
| 45:02 | Si me criticas te fedeo · tribute_sent a jugador 5 |
| 45:02 | Si me criticas te fedeo · tribute_sent a jugador 6 |
| 45:02 | Si me criticas te fedeo · tribute_sent a jugador 8 |
| 45:03 | [Kpell] AdrianLeverkuhn · tribute_sent a jugador 1 |
| 45:03 | [Kpell] AdrianLeverkuhn · tribute_sent a jugador 2 |
| 45:03 | [Kpell] AdrianLeverkuhn · tribute_sent a jugador 3 |
| 45:03 | [Kpell] AdrianLeverkuhn · tribute_sent a jugador 4 |
| 45:03 | [Kpell] AdrianLeverkuhn · tribute_sent a jugador 6 |
| 45:03 | [Kpell] AdrianLeverkuhn · tribute_sent a jugador 7 |
| 45:03 | [Kpell] AdrianLeverkuhn · tribute_sent a jugador 8 |
| 45:38 | CTM | chiwire · first_market_sell 100 wood |
| 45:59 | CTM | SUNYQ · wall_segment Stone Wall x9 |
| 46:42 | CTM | SUNYQ · wall_segment Stone Wall x8 |
| 47:02 | PSX | King · tribute_sent a jugador 1 |
| 47:02 | PSX | King · tribute_sent a jugador 2 |
| 47:02 | PSX | King · tribute_sent a jugador 3 |
| 47:02 | PSX | King · tribute_sent a jugador 4 |
| 47:02 | PSX | King · tribute_sent a jugador 5 |
| 47:02 | PSX | King · tribute_sent a jugador 6 |
| 47:02 | PSX | King · tribute_sent a jugador 7 |
| 47:04 | CTM | SUNYQ · tribute_sent a jugador 1 |
| 47:04 | CTM | SUNYQ · tribute_sent a jugador 2 |
| 47:04 | CTM | SUNYQ · tribute_sent a jugador 3 |
| 47:04 | CTM | SUNYQ · tribute_sent a jugador 5 |
| 47:04 | CTM | SUNYQ · tribute_sent a jugador 6 |
| 47:04 | CTM | SUNYQ · tribute_sent a jugador 7 |
| 47:04 | CTM | SUNYQ · tribute_sent a jugador 8 |
| 47:27 | CTM | SUNYQ · wall_segment Stone Wall x1 |
| 47:37 | CTM | chiwire · first_building Stable |
| 47:39 | Niccals_ · wall_segment Stone Wall x14 |
| 47:42 | Niccals_ · wall_segment Stone Wall x13 |
| 48:03 | CTM | SUNYQ · wall_segment Stone Wall x5 |
| 50:11 | Niccals_ · wall_segment Stone Wall x16 |
| 50:15 | CTM | chiwire · age_up imperial |
| 51:12 | CTM | SUNYQ · wall_segment Stone Wall x4 |
| 53:10 | Si me criticas te fedeo · wall_segment Stone Wall x5 |
| 53:11 | Si me criticas te fedeo · wall_segment Stone Wall x4 |
| 53:42 | CTM | SUNYQ · first_market_sell 500 wood |
| 54:01 | CTM | SUNYQ · wall_segment Stone Wall x8 |
| 54:32 | Si me criticas te fedeo · wall_segment Stone Wall x15 |
| 54:39 | CTM | Franco* · first_market_sell 500 stone |
| 55:03 | CTM | chiwire · tribute_sent a jugador 1 |
| 55:03 | CTM | chiwire · tribute_sent a jugador 3 |
| 55:03 | CTM | chiwire · tribute_sent a jugador 4 |
| 55:03 | CTM | chiwire · tribute_sent a jugador 5 |
| 55:03 | CTM | chiwire · tribute_sent a jugador 6 |
| 55:03 | CTM | chiwire · tribute_sent a jugador 7 |
| 55:03 | CTM | chiwire · tribute_sent a jugador 8 |
| 55:03 | PSX | King · tribute_sent a jugador 1 |
| 55:03 | PSX | King · tribute_sent a jugador 2 |
| 55:03 | PSX | King · tribute_sent a jugador 3 |
| 55:03 | PSX | King · tribute_sent a jugador 4 |
| 55:03 | PSX | King · tribute_sent a jugador 5 |
| 55:03 | PSX | King · tribute_sent a jugador 6 |
| 55:03 | PSX | King · tribute_sent a jugador 7 |
| 55:52 | CTM | chiwire · wall_segment Stone Wall x1 |
| 55:58 | CTM | chiwire · wall_segment Stone Wall x1 |
| 56:30 | ijkabob · tribute_sent a jugador 1 |
| 56:30 | ijkabob · tribute_sent a jugador 2 |
| 56:30 | ijkabob · tribute_sent a jugador 4 |
| 56:30 | ijkabob · tribute_sent a jugador 5 |
| 56:30 | ijkabob · tribute_sent a jugador 6 |
| 56:30 | ijkabob · tribute_sent a jugador 7 |
| 56:30 | ijkabob · tribute_sent a jugador 8 |
| 56:43 | PSX | King · wall_segment Stone Wall x9 |
| 57:32 | CTM | chiwire · tribute_sent a jugador 1 |
| 57:32 | CTM | chiwire · tribute_sent a jugador 3 |
| 57:32 | CTM | chiwire · tribute_sent a jugador 4 |
| 57:32 | CTM | chiwire · tribute_sent a jugador 5 |
| 57:32 | CTM | chiwire · tribute_sent a jugador 6 |
| 57:32 | CTM | chiwire · tribute_sent a jugador 7 |
| 57:32 | CTM | chiwire · tribute_sent a jugador 8 |
| 57:34 | Si me criticas te fedeo · wall_segment Stone Wall x3 |
| 58:30 | PSX | King · wall_segment Stone Wall x5 |
| 59:44 | PSX | King · tribute_sent a jugador 1 |
| 59:44 | PSX | King · tribute_sent a jugador 2 |
| 59:44 | PSX | King · tribute_sent a jugador 3 |
| 59:44 | PSX | King · tribute_sent a jugador 4 |
| 59:44 | PSX | King · tribute_sent a jugador 5 |
| 59:44 | PSX | King · tribute_sent a jugador 6 |
| 59:44 | PSX | King · tribute_sent a jugador 7 |
| 60:01 | CTM | chiwire · tribute_sent a jugador 1 |
| 60:01 | CTM | chiwire · tribute_sent a jugador 3 |
| 60:01 | CTM | chiwire · tribute_sent a jugador 4 |
| 60:01 | CTM | chiwire · tribute_sent a jugador 5 |
| 60:01 | CTM | chiwire · tribute_sent a jugador 6 |
| 60:01 | CTM | chiwire · tribute_sent a jugador 7 |
| 60:01 | CTM | chiwire · tribute_sent a jugador 8 |
| 61:16 | Si me criticas te fedeo · age_up imperial |
| 61:42 | PSX | King · wall_segment Stone Wall x3 |
| 62:01 | Si me criticas te fedeo · first_building Barracks |
| 63:22 | CTM | SUNYQ · wall_segment Stone Wall x3 |
| 65:07 | CTM | chiwire · tribute_sent a jugador 1 |
| 65:07 | CTM | chiwire · tribute_sent a jugador 3 |
| 65:07 | CTM | chiwire · tribute_sent a jugador 4 |
| 65:07 | CTM | chiwire · tribute_sent a jugador 5 |
| 65:07 | CTM | chiwire · tribute_sent a jugador 6 |
| 65:07 | CTM | chiwire · tribute_sent a jugador 7 |
| 65:07 | CTM | chiwire · tribute_sent a jugador 8 |
| 66:40 | Si me criticas te fedeo · wall_segment Stone Wall x12 |
| 67:03 | Si me criticas te fedeo · wall_segment Stone Wall x3 |
| 67:03 | Si me criticas te fedeo · wall_segment Stone Wall x1 |
| 67:20 | ijkabob · tribute_sent a jugador 1 |
| 67:20 | ijkabob · tribute_sent a jugador 2 |
| 67:20 | ijkabob · tribute_sent a jugador 4 |
| 67:20 | ijkabob · tribute_sent a jugador 5 |
| 67:20 | ijkabob · tribute_sent a jugador 6 |
| 67:20 | ijkabob · tribute_sent a jugador 7 |
| 67:20 | ijkabob · tribute_sent a jugador 8 |
| 67:22 | PSX | King · tribute_sent a jugador 1 |
| 67:22 | PSX | King · tribute_sent a jugador 2 |
| 67:22 | PSX | King · tribute_sent a jugador 3 |
| 67:22 | PSX | King · tribute_sent a jugador 4 |
| 67:22 | PSX | King · tribute_sent a jugador 5 |
| 67:22 | PSX | King · tribute_sent a jugador 6 |
| 67:22 | PSX | King · tribute_sent a jugador 7 |
| 69:43 | Niccals_ · tribute_sent a jugador 2 |
| 69:43 | Niccals_ · tribute_sent a jugador 3 |
| 69:43 | Niccals_ · tribute_sent a jugador 4 |
| 69:43 | Niccals_ · tribute_sent a jugador 5 |
| 69:43 | Niccals_ · tribute_sent a jugador 6 |
| 69:43 | Niccals_ · tribute_sent a jugador 7 |
| 69:43 | Niccals_ · tribute_sent a jugador 8 |
| 70:30 | CTM | chiwire · resign |
[ AI ANALYSIS · 1 CREDIT ]
What really happened in this match?
Wolo.gg analyzes every decision: build order, eco, micro, common mistakes by bracket. Personalized analysis on WhatsApp or Discord in 30 seconds.
Civ guide
Ethiopians
Perfil
Jugador #2523265